 Dungeon Crawl Stone Soup version 0.29-a0-322-g68df515428 (webtiles) character file.

Game seed: 12113837414420597812

3371 avis the Grappler (level 10, -1/89 (94) HPs)
             Began as a Hill Orc Monk on Apr 10, 2022.
             Was an Elder of Beogh.
             Slain by a wight
             ... wielding a +0 long sword
              (3 damage)
             ... on level 7 of the Dungeon.
             The game lasted 00:53:07 (7633 turns).

avis the Grappler (Hill Orc Monk)                   Turns: 7633, Time: 00:53:08

HP:   -1/89 (94)    AC: 12    Str: 20    XL:     10   Next: 3%
MP:   11/14         EV: 12    Int: 12    God:    Beogh [****..]
Gold: 435           SH:  5    Dex: 15    Spells: 12/15 levels left

rFire   . . .      SeeInvis +   b - +6 mace "Trog's Anger" {flame, *Rage Will+ Dex+2}
rCold   . . .      Faith    .   (no shield)
rNeg    . . .      Spirit   .   K - +1 troll leather armour {Pargi}
rPois   .          Reflect  +   M - +0 helmet
rElec   .          Harm     .   O - +0 cloak
rCorr   .          Rampage  .   (no gloves)
Will    +....      Rage     20% o - +0 pair of boots
Stlth   ++........              l - amulet of reflection
HPRegen 1.04/turn               u - +4 ring of protection
MPRegen 0.14/turn               D - ring "Gogoddush" {Str+3 SInv}

@: lethally poisoned (-1 -> -2), on berserk cooldown, slowed, drained, very slow
A: no striking features
a: Renounce Religion, Smiting, Recall Orcish Followers


You were on level 7 of the Dungeon.
You worshipped Beogh.
Beogh was greatly pleased with you.
You visited 2 branches of the dungeon, and saw 8 of its levels.
You also visited: Sewer and Ossuary.

You collected 435 gold pieces.

Inventory:

Hand Weapons
 a - a +1 long sword
 b - the +6 mace "Trog's Anger" (weapon) {flame, *Rage Will+ Dex+2}
   (You found it on level 2 of the Dungeon)

   It burns those it strikes, dealing additional fire damage.
   Dex:       It affects your dexterity (+2).
   *Rage:     It berserks you when you make melee attacks (+20% chance).
   Will:      It increases your willpower.
 i - a +5 long sword
 t - a +1 antimagic dire flail
 w - a +0 hunting sling
 A - a +0 shortbow
Missiles
 c - a curare-tipped dart
 f - 24 poisoned darts (quivered)
 q - 2 atropa-tipped darts
 r - 2 boomerangs of dispersal
 x - 4 stones
 I - 6 javelins
 U - 2 throwing nets
Armour
 o - a +0 pair of boots (worn)
 z - a +0 chain mail
 K - a +1 troll leather armour (worn) {Pargi}
 M - a +0 helmet (worn)
 O - a +0 cloak (worn)
Jewellery
 h - a ring of poison resistance
 j - a ring of positive energy
 l - an amulet of reflection (around neck)
 u - a +4 ring of protection (left hand)
 D - the ring "Gogoddush" (right hand) {Str+3 SInv}
   (You found it in a sewer)

   [ring of see invisible]

   Str:       It affects your strength (+3).
   SInv:      It lets you see invisible.
Wands
 s - a wand of paralysis (1)
 y - a wand of iceblast (9)
 E - a wand of flame (9)
Scrolls
 e - 8 scrolls of teleportation
 k - a scroll of fear
Potions
 d - 5 potions of curing
 g - 2 potions of resistance
 m - 2 potions of invisibility
 n - a potion of ambrosia
 p - a potion of lignification
 v - 2 potions of flight
 F - 2 potions of heal wounds
 J - a potion of haste
 Q - 3 potions of brilliance
 R - 3 potions of might
 S - a potion of berserk rage
 X - a potion of cancellation


   Skills:
 + Level 10.3 Fighting
 - Level 2.4 Dodging
 - Level 1.5 Stealth
 + Level 10.5 Unarmed Combat
 - Level 3.0 Spellcasting
 - Level 4.0 Ice Magic
 - Level 3.0 Invocations


You had 12 spell levels left.
You knew the following spells:

 Your Spells              Type           Power      Damage    Failure   Level
o - Ozocubu's Armour      Ice            11%        N/A       17%         3

Your spell library contained the following spells:

 Spells                   Type           Power      Damage    Failure   Level
 Shock                    Conj/Air       4%         1d3       28%         1
 Summon Small Mammal      Summ           4%         N/A       28%         1
 Call Canine Familiar     Summ           1%         N/A       65%         3
 Summon Guardian Golem    Hex/Summ       1%         N/A       65%         3
 Swiftness                Air            1%         N/A       65%         3
 Airstrike                Air            0%         N/A       96%         4
 Ozocubu's Refrigeration  Ice            5%         4d6       100%        7


Dungeon Overview and Level Annotations

Branches:
Dungeon (7/15)             Temple (1/1) D:5           Sewer (visited)
Ossuary (visited)

Altars:
Ashenzari
Cheibriados
Fedhas
Kikubaaqudgha
Okawaru
Vehumet
Yredelemnul
Zin
The Shining One

Shops:
D:2 =   D:5 =   D:6 [

Annotations:
D:2 deep water unexplored


Message History

You feel drained.
The orc warrior hits you with a +0 long sword.
The white imp hits you but does no damage.
What are your orders? t - Shout!
Orders for allies: a - Attack new target. r - Retreat! s - Stop attacking. g - Guard the area. f - Follow me.
Anything else - Cancel.
Retreat in which direction?
Press: ? - help, Dir - move target Fall back!
The killer bee barely misses you. The killer bee stings you.
You are poisoned.
The killer bee poisons you! The killer bee completely misses you.
You block the orc warrior's attack. You block the wight's attack.
The white imp hits you but does no damage.
The killer bee stings you! The killer bee closely misses you.
You hit the killer bee. You burn the killer bee.
The killer bee is moderately wounded.
You feel very sick. You block the killer bee's attack.
The killer bee stings you but does no damage.
The killer bee misses you. x2
The white imp hits you but does no damage.
The wight hits you with a +0 long sword.
An orc wizard comes into view. It is wielding a +0 trident.
The orc warrior misses you. The killer bee barely misses you. x2
The killer bee stings you! The wight closely misses you.
You block the white imp's attack.
The orc warrior hits you with a +0 long sword!
* * * LOW HITPOINT WARNING * * *
The killer bee stings you.
* * * LOW HITPOINT WARNING * * *
The killer bee stings you but does no damage.
The killer bee barely misses you. The wight attacks as you move away!
The wight hits you with a +0 long sword!
* * * LOW HITPOINT WARNING * * *
You feel drained.
You die...

.#.( '# ...
..# .$. #.>#
.. #..#
###o###..#
#....l..+##
..#...z5o...#
⌠....yy@....#
..#.##yy....#
#.........#
#..#####.##
.... #o######
....
###......# ##
###
#........# #.
#........# #.
#........# #.


You could see an orc warrior, an iguana, 4 killer bees, a wight, an orc wizard,
a white imp and the friendly Olfrun the orc warrior (poisoned).

Vanquished Creatures
  A manticore (D:7)
  A kobold demonologist (D:6)
  A water moccasin (Sewer)
  Pargi (D:4)
  An ice beast (D:5)
  A black bear (D:5)
  3 ogres
  A centaur (D:7)
  2 kobold brigands
  A gnoll sergeant (D:6)
  A necrophage (D:4)
  A bullfrog (D:7)
  Blork the orc (D:4)
  3 scorpions
  5 water moccasin zombies (Ossuary)
  4 wights (D:7)
  A killer bee (D:7)
  2 howler monkeys (D:7)
  2 vampire bats (D:3)
  2 jellies (D:6)
  3 orc priests (D:5)
  2 hounds
  Crazy Yiuf (D:4)
  4 iguanas
  Ijyb (D:3)
  2 orc wizards
  2 mummies (Ossuary)
  6 gnolls
  4 adders
  A shadow imp (D:7)
  A white imp (D:5)
  6 adder zombies (Ossuary)
  A dart slug (D:5)
  6 orcs
  4 ball pythons
  2 bat skeletons (D:3)
  3 bat zombies (D:3)
  6 endoplasms
  7 giant cockroaches
  5 gnoll zombies (Ossuary)
  4 hobgoblins
  4 jackals (Sewer)
  13 kobolds
  4 quokkas
  4 bats
  2 frilled lizards
  5 goblins
  6 hobgoblin zombies (Ossuary)
  2 kobold zombies (Ossuary)
  4 orc zombies (Ossuary)
  11 rats
161 creatures vanquished.

Vanquished Creatures (collateral kills)
  A black bear (D:6)
  2 kobold brigands (D:6)
  A scorpion (D:7)
  A hound (D:7)
  2 adders (D:6)
  An orc (D:6)
  A kobold (D:6)
9 creatures vanquished.

Vanquished Creatures (others)
  2 orc warriors (D:7)
  2 orc priests
  4 orcs
8 creatures vanquished.

Grand Total: 178 creatures vanquished

Notes
Turn   | Place    | Note
-------+----------+-------------------------------------------
     0 | D:1      | avis the Hill Orc Monk began the quest for the Orb.
     0 | D:1      | Reached XP level 1. HP: 19/19 MP: 1/1
   143 | D:1      | Reached XP level 2. HP: 27/27 MP: 2/2
  1033 | D:2      | Identified the +6 mace "Trog's Anger" {flame, *Rage Will+
                  | Dex+2}
  1148 | D:2      | Found a faded altar of an unknown god.
  1166 | D:2      | Reached XP level 3. HP: 29/33 MP: 3/3
  1387 | D:2      | Found Xittom's Jewellery Emporium.
  1387 | D:2      | Noticed a scorpion
  1454 | D:2      | Killed a scorpion
  1455 | D:2      | Reached skill level 5 in Unarmed Combat
  1455 | D:2      | Reached XP level 4. HP: 41/41 MP: 4/4
  1927 | D:3      | Noticed a scorpion
  2111 | D:3      | Found a basalt altar of Yredelemnul.
  2136 | D:3      | Killed a scorpion
  2137 | D:3      | Reached skill level 5 in Fighting
  2137 | D:3      | Reached XP level 5. HP: 18/48 MP: 5/5
  2577 | D:3      | Found a radiant altar of Vehumet.
  2606 | D:3      | Identified the ring "Etianwan" {Fire Int+6 Stlth+}
  2676 | D:3      | Found a blossoming altar of Fedhas.
  2676 | D:3      | Found a snail-covered altar of Cheibriados.
  2728 | D:3      | Noticed Ijyb
  2740 | D:3      | Killed Ijyb
  2825 | D:3      | Found an ancient bone altar of Kikubaaqudgha.
  2829 | D:3      | Reached XP level 6. HP: 51/56 MP: 6/6
  2961 | D:4      | Found a glowing drain.
  2971 | Sewer    | Entered a sewer
  3062 | Sewer    | Noticed a water moccasin
  3069 | Sewer    | Identified the ring "Gogoddush" {Str+3 SInv}
  3085 | Sewer    | Killed a water moccasin
  3232 | D:4      | Reached XP level 7. HP: 63/63 MP: 7/7
  3345 | D:4      | Learned a level 3 spell: Ozocubu's Armour
  3385 | D:4      | Noticed Pargi
  3392 | D:4      | Killed Pargi
  3393 | D:4      | Reached skill level 1 in Ice Magic
  3439 | D:4      | Found a glowing silver altar of Zin.
  3719 | D:4      | Found a runed translucent door.
  3720 | D:4      | Noticed Crazy Yiuf
  3728 | D:4      | Killed Crazy Yiuf
  3938 | D:4      | Found a glowing golden altar of the Shining One.
  3979 | D:4      | Noticed Blork the orc
  3988 | D:4      | Killed Blork the orc
  3989 | D:4      | Reached skill level 1 in Spellcasting
  4480 | D:5      | Entered Level 5 of the Dungeon
  4683 | D:5      | Became a worshipper of Beogh the Brigand
  4683 | D:5      | Reached * piety under Beogh
  4683 | D:5      | Reached ** piety under Beogh
  4857 | D:5      | Reached XP level 8. HP: 73/73 MP: 9/9
  4864 | D:5      | Found Ranoufov's Jewellery Boutique.
  4945 | D:5      | Found a sand-covered staircase.
  4950 | Ossuary  | Entered an ossuary
  5349 | Ossuary  | Reached *** piety under Beogh
  5936 | D:5      | Found a staircase to the Ecumenical Temple.
  5942 | Temple   | Entered the Ecumenical Temple
  6191 | D:6      | Reached XP level 9. HP: 82/82 MP: 10/10
  6321 | D:6      | Found Ifeerul's Armour Shoppe.
  6420 | D:6      | Noticed a kobold demonologist
  6431 | D:6      | Noticed a hellwing
  6440 | D:6      | Noticed an orange demon
  6630 | D:6      | Reached skill level 1 in Invocations
  6653 | D:6      | Noticed a sun demon
  6657 | D:6      | Killed a kobold demonologist
  7417 | D:7      | Reached skill level 10 in Unarmed Combat
  7476 | D:7      | Noticed a manticore
  7501 | D:7      | Killed a manticore
  7502 | D:7      | Reached skill level 10 in Fighting
  7593 | D:7      | Reached **** piety under Beogh
  7618 | D:7      | Reached XP level 10. HP: 93/93 MP: 11/14
  7625 | D:7      | Gained Olfrun as an ally
  7633 | D:7      | HP: 2/92 [wight/+0 long sword (10)]
  7633 | D:7      | Slain by a wight

Illustrated notes

Levels and vault maps discovered:
D:1:      minmay_arrival_hallway, layout_basic, serial_aquarium,
          aquarium_bridge_straight [aquarium_subvault_bridge,
          aquarium_subvault_wall, aquarium_subvault_bridge,
          aquarium_subvault_wall], aquarium_window_double, aquarium_window_1,
          aquarium_window_1, aquarium_view_2b, aquarium_view_2d,
          aquarium_balcony_5b, aquarium_pool_2
D:2:      layout_basic, basic_ecumenical_altar, serial_shops,
          nicolae_shop_temple_entry_statues_fountains, chequers_big_river
D:3:      layout_rooms, kennysheep_vampire_church, grunt_temple_overflow_open,
          amcnicky_altar_gilded, mainiacjoe_overflow_catwalk, eino_tiny_chamber,
          grunt_ministairs_4, nicolae_concentric_dashed_squares_mild,
          kennysheep_generic_room_4, uniq_ijyb
D:4:      layout_basic, mainiacjoe_overflow_concentric_impassable,
          marbit_many_paths, portal_sewer_entry_a, uniq_crazy_yiuf_cottage,
          uniq_blork_the_orc, uniq_pargi
D:5:      layout_basic, minmay_temple_entry_fiery, enter_ossuary_5,
          serial_shops, nicolae_diamond_shop, roderic_lattice_a
D:6:      layout_rooms, serial_shops, nicolae_shop_stone
D:7:      layout_basic, minmay_chambers_of_fives
Temple:   nicolae_temple_great_sept

Skill      XL: |  1  2  3  4  5  6  7  8  9 |
---------------+----------------------------+-----
Fighting       | 4 5 6 7 8 10 | 10.3
Unarmed Combat | 4 5 6 7 8 9 10 | 10.5
Ice Magic      | 2 4 |  4.0
Spellcasting   | 1 3 |  3.0
Invocations    | 3 |  3.0
Dodging        | |  2.4
Stealth        | |  1.5

Action                   |  1- 3 |  4- 6 |  7- 9 | 10-12 || total
-------------------------+-------+-------+-------+-------++-------
Melee: Unarmed           |    68 |     4 |       |       ||    72
       Punch             |     3 |       |     5 |       ||     8
       Mace              |    19 |    74 |   266 |     4 ||   363
 Cast: Ozocubu's Armour  |       |       |    20 |     1 ||    21
Invok: Convert to Beogh  |       |       |     1 |       ||     1
       Recall Orcish Fol |       |       |     1 |       ||     1
  Use: Scroll            |       |     1 |    21 |       ||    22
 Stab: Sleeping          |     7 |     2 |     7 |       ||    16
Armor: Robe              |    16 |    17 |     7 |       ||    40
       Troll leather arm |       |       |    86 |    10 ||    96
Dodge: Dodged            |    61 |    53 |   152 |    21 ||   287
Block: Other             |     5 |    21 |    63 |     5 ||    94
       Reflection        |     2 |       |       |       ||     2

Table legend: (Time is in decaauts)
 A = Elapsed time spent in this place.
 B = Non-inter-level travel time spent in this place.
 C = Inter-level travel time spent in this place.
 D = Time resting spent in this place.
 E = Time spent auto-exploring this place.
 F = Levels seen in this place.
 G = Mean time per level.
                   A        B        C        D        E       F      G
               +--------+--------+--------+--------+--------+-----+--------+
         Total |   8117 |   7409 |    708 |   1525 |   3333 |  10 |  811.7 |
       Dungeon |   7238 |   6530 |    708 |   1026 |   3306 |   7 | 1034.0 |
        Temple |     36 |     36 |      0 |      0 |      0 |   1 |   36.0 |
         Sewer |    285 |    285 |      0 |    150 |     27 |   1 |  285.0 |
       Ossuary |    556 |    556 |      0 |    347 |      0 |   1 |  556.0 |
               +--------+--------+--------+--------+--------+-----+--------+

Top non-repeatable levels by time:
     D:4: 1409 daAuts
     D:5: 1386 daAuts
     D:3: 1124 daAuts
     D:2: 1044 daAuts
     D:1: 973 daAuts
     D:6: 789 daAuts
 Ossuary: 556 daAuts
     D:7: 510 daAuts
   Sewer: 285 daAuts
  Temple: 36 daAuts
